Unix NetHack Version 5.0.0-0 post-release - last build May 22 2026 02:22:16 (99d1c3b6dc4b13757aaa5824b55bdea4e1e63757,branch:main).

Game began 2026-05-23 00:10:17, ended 2026-05-23 00:17:40.

Jobair, neutral female human Tourist

                                                           -----
                                                        ----...|
                                                       --......--
                                                   --- |....h)..---
                                                   -.....*.@.f....|
                                                  |....---[..|....|
                                                  --..  |<..---.---
                                                   -    -.-#-  --
                                                        .. -#
                                                        |.. .
                                                        --.
                                                          -

Jobair the Sightseer        St:11 Dx:12 Co:15 In:12 Wi:7 Ch:18  Neutral
Dlvl:3  $:402 HP:0(25) Pw:11(11) AC:6  Xp:3 T:900 

Latest messages:
 The dwarf is blinded by the flash!
 The dwarf turns to flee.
 Godzilla misses the dwarf.
 Godzilla bites the dwarf.
 The dwarf swings his pick-axe at Godzilla.
 The dwarf misses Godzilla.
 Godzilla picks up a dart.
 Godzilla misses it.
 Godzilla bites it.
 You see here 8 rocks.
 The dwarf hurls a puce potion!
 The vial crashes on your head and breaks into shards.
 The puce potion evaporates.
 Something seems to be holding you.
 Godzilla drops a dart.
 Godzilla picks up a dart.
 The dwarf wields a dagger!
 You can move again.
 Godzilla drops a dart.
 The dwarf picks up a dart.
 You climb up the stairs.
 What do you want to remove?
 Never mind.
 What do you want to wear?
 Never mind.
 What do you want to wear?
 You finish your dressing maneuver.
 What do you want to remove?
 You can't.  It is cursed.
 You descend the stairs.
 Godzilla eats a dwarf corpse.
 Godzilla suddenly falls asleep!
 The dwarf picks up a cursed rotted runed dagger.
 The dwarf wields a cursed rotted runed dagger!
 The runed dagger welds itself to the dwarf's hand!
 The dwarf thrusts his runed dagger.
 The dwarf just misses!
 You hit the dwarf.
 Godzilla bites the dwarf.
 The dwarf thrusts his runed dagger at Godzilla.
 The dwarf hits Godzilla.
 You miss the dwarf.
 The dwarf thrusts his runed dagger.
 The dwarf hits!
 You die...
 Do you want your possessions identified? [ynq] (y) y
 Do you want to see your attributes? [ynq] (y) y
 Do you want an account of creatures vanquished? [ynaq] (y) y
 Do you want to see your conduct and achievements? [ynq] (y) y
 Do you want to see the dungeon overview? [ynq] (y) y

Inventory:
 Coins    ('$')
  $ - 402 gold pieces
 Weapons  (')')
  a - 36 +2 darts (at the ready)
  q - 2 +0 darts
  n - a +0 orcish dagger (weapon in right hand)
 Armor    ('[')
  A - an uncursed +0 orcish helm (being worn)
  k - an uncursed +0 Hawaiian shirt with a plumeria motif
  B - a cursed -2 elven mithril-coat (being worn)
 Comestibles  ('%')
  e - an uncursed cream pie
  g - 2 uncursed eucalyptus leaves
  b - 4 uncursed food rations
  v - an uncursed lembas wafer
  h - an uncursed pancake
  f - an uncursed tripe ration
  p - an uncursed homemade tin of fox meat
  d - an uncursed tin of pickled goblin meat
  c - 3 uncursed eggs
 Scrolls  ('?')
  o - 2 uncursed scrolls of confuse monster
  j - 4 uncursed scrolls of magic mapping
  w - a blessed scroll of remove curse
 Potions  ('!')
  i - 2 uncursed potions of extra healing
  r - an uncursed potion of gain ability
  x - an uncursed potion of polymorph
  y - an uncursed potion of restore ability
  s - an uncursed potion of see invisible
  z - an uncursed potion of sickness
 Rings    ('=')
  t - an uncursed ring of polymorph control
 Tools    ('(')
  m - an uncursed credit card
  l - an expensive camera (0:74)
  u - an uncursed towel

Jobair the Tourist's attributes:

Background:
 You were a Sightseer, a level 3 female human Tourist.
 You were neutral, on a mission for The Lady
 who was opposed by Blind Io (lawful) and Offler (chaotic).
 You were right-handed.
 You were in the Gnomish Mines, on level 3.
 You entered the dungeon 900 turns ago.
 It was the midnight hour.
 You had 70 experience points, 10 more were needed to attain level 4.

Basics:
 You had 0 out of 25 hit points.
 You had all 11 energy points (spell power).
 Your armor class was 6.
 Your wallet contained 402 zorkmids.
 Autopickup was off.

Final Characteristics:
 Your strength was 11 (limit:18/100).
 Your dexterity was 12 (limit:18).
 Your constitution was 15 (limit:18).
 Your intelligence was 12 (limit:18).
 Your wisdom was 7 (limit:18).
 Your charisma was 18 (limit:18).

Final Status:
 You weren't hungry.
 You were unencumbered.
 You were wielding a dagger.
 You were unskilled in dagger and could have enhanced that.

Final Attributes:
 You were devoutly aligned.
 You were guarded.
 You are dead.

Miscellaneous:
 You didn't encounter any bones levels.
 Total elapsed playing time was 7 minutes and 22 seconds.

Major events:
 Turn
    1: Jobair the neutral female human Tourist entered the dungeon
  842: entered the Gnomish Mines
  847: attained the rank of Sightseer (level 3)
  900: killed by a dwarf

You didn't know any spells.

Skills:
 Fighting Skills
   bare handed combat [Unskilled]
   two weapon combat  [Unskilled]
   riding             [Unskilled]
 Weapon Skills
   dagger             [Unskilled]
   knife              [Unskilled]
   axe                [Unskilled]
   pick-axe           [Unskilled]
   short sword        [Unskilled]
   broadsword         [Unskilled]
   long sword         [Unskilled]
   two-handed sword   [Unskilled]
   saber              [Unskilled]
   mace               [Unskilled]
   morning star       [Unskilled]
   flail              [Unskilled]
   hammer             [Unskilled]
   quarterstaff       [Unskilled]
   polearms           [Unskilled]
   spear              [Unskilled]
   trident            [Unskilled]
   lance              [Unskilled]
   bow                [Unskilled]
   sling              [Unskilled]
   crossbow           [Unskilled]
   dart               [Basic]
   shuriken           [Unskilled]
   boomerang          [Unskilled]
   whip               [Unskilled]
   unicorn horn       [Unskilled]
 Spellcasting Skills
   divination spells  [Unskilled]
   enchantment spells [Unskilled]
   escape spells      [Unskilled]

Voluntary challenges:
 Character rerolling was not enabled.
 You were an atheist.
 You were illiterate.
 You never genocided any monsters.
 You never polymorphed an object.
 You never changed form.
 You used no wishes.
Achievements:
 You entered the Gnomish Mines.
 You attained the rank of Sightseer.

 The Dungeons of Doom: levels 1 to 2
    Level 1:
       A fountain.
    Level 2:
       Stairs down to The Gnomish Mines.
 The Gnomish Mines:
    Level 3: <- You were here.
       Final resting place for
          you, killed by a dwarf.


Vanquished creatures:
  a dwarf
  a hobbit
  a giant rat
  3 gnomes
  a gecko
  4 jackals
  2 kobolds
  3 goblins
  a grid bug
  3 lichens
  3 newts
23 creatures vanquished.

No species were genocided or became extinct.

Game over:
                       ----------
                      /          \
                     /    REST    \
                    /      IN      \
                   /     PEACE      \
                  /                  \
                  |      Jobair      |
                  |      402 Au      |
                  |   killed by a    |
                  |      dwarf       |
                  |                  |
                  |                  |
                  |       2026       |
                 *|     *  *  *      | *
        _________)/\\_//(\/(/\)/\//\/|_)_______

Aloha Jobair the Tourist...

You died in The Gnomish Mines on dungeon level 3 with 419 points,
and 402 pieces of gold, after 900 moves.
You were level 3 with a maximum of 25 hit points when you died.

